 Dungeon Crawl Stone Soup version 0.30-a0-587-gfd7c166f36 (webtiles) character file.

Game seed: 17302323487246527417

3665 Bnni the Jinx (level 10, -2/76 HPs)
             Began as a Formicid Hexslinger on Jan 4, 2023.
             Was a Believer of Dithmenos.
             Slain by a spriggan
             ... wielding a +0 spear
              (12 damage)
             ... in a bailey.
             The game lasted 00:14:32 (5667 turns).

Bnni the Jinx (Formicid Hexslinger)                 Turns: 5667, Time: 00:14:32

Health: -2/76      AC:  4    Str: 16    XL:     10   Next: 34%
Magic:  1/16       EV: 12    Int: 14    God:    Dithmenos [**....]
Gold:   385        SH:  5    Dex: 16    Spells: 4/17 levels left

rFire   . . .      SeeInvis +    w - +0 dagger (elec)
rCold   + . .      Faith    .    (no shield)
rNeg    . . .      Spirit   .    c - +0 robe
rPois   .          Reflect  +    (helmet unavailable)
rElec   .          Harm     .    A - +0 cloak
rCorr   .          Rampage  .    (no gloves)
Will    +++..                    D - +0 pair of boots
Stlth   ++                       I - amulet of Recklessness {Reflect Will++ SH+5}
HPRegen 0.32/turn                s - ring of protection from cold
MPRegen 0.15/turn                k - ring of wizardry

@: mighty, wereblooded, wreathed by umbra
A: permanent stasis, dig shafts and tunnels, antennae 3, four strong arms
a: Dig, Renounce Religion, Shadow Step


You were in a bailey.
You worshipped Dithmenos.
Dithmenos was pleased with you.
You visited 1 branch of the dungeon, and saw 7 of its levels.
You also visited: Bailey.

You collected 385 gold pieces.

Inventory:

Hand Weapons
 a - a +1 sling
 w - a +0 dagger of electrocution (weapon)
Missiles
 f - 5 curare-tipped darts
 y - 11 poisoned darts
Armour
 c - a +0 robe (worn)
 A - a +0 cloak (worn)
 D - a +0 pair of boots (worn)
Jewellery
 k - a ring of wizardry (right hand)
 s - a ring of protection from cold (left hand)
 F - a ring of resist corrosion
 I - the amulet of Recklessness (around neck) {Reflect Will++ SH+5}
   (You found it on level 6 of the Dungeon)

   [amulet of reflection]

   It reflects blocked missile attacks.
   SH:        It affects your SH (+5).
   Will:      It greatly increases your willpower.
 K - a ring of flight
Wands
 n - a wand of polymorph (2)
 p - a wand of paralysis (12)
 G - a wand of iceblast (8)
 J - a wand of flame (10)
Scrolls
 b - a scroll of poison
 h - a scroll of fear {unknown}
 l - a scroll of amnesia {unknown}
 m - 4 scrolls of immolation
 o - a scroll of enchant weapon {unknown}
 u - a scroll of fog {unknown}
 x - 2 scrolls of teleportation {unknown}
 z - a scroll of brand weapon
 B - a scroll of noise {unknown}
Potions
 d - 3 potions of brilliance {unknown}
 g - 4 potions of flight {unknown}
 i - 2 potions of might
 j - 3 potions of mutation {unknown}
 q - 2 potions of attraction {unknown}
 r - 2 potions of lignification {unknown}
 t - a potion of degeneration {unknown}
 C - a potion of ambrosia {unknown}
 E - a potion of cancellation {unknown}
 H - 3 potions of curing {unknown}


   Skills:
 + Level 6.0 Fighting
 * Level 8.1 Ranged Weapons
 + Level 2.3 Dodging
 - Level 4.0 Spellcasting
 - Level 10.0 Hexes
 - Level 3.0 Translocations
 - Level 3.0 Transmutations
 - Level 3.0 Fire Magic


You had 4 spell levels left.
You knew the following spells:

 Your Spells              Type           Power      Damage    Failure   Level
a - Slow                  Hex            100%       N/A       1%          1
b - Inner Flame           Hex/Fire       21%        N/A       1%          3
c - Portal Projectile     Hex/Tloc       42%        N/A       1%          3
d - Cause Fear            Hex            15%        N/A       1%          4
w - Wereblood             Tmut           11%        N/A       3%          2

Your spell library contained the following spells:

 Spells                   Type           Power      Damage    Failure   Level
 Dazzling Flash           Conj/Hex       32%        N/A       3%          3
 Ignite Poison            Fire/Tmut/Pois 8%         N/A       11%         3
 Kindle Blastsparks       Fire/Tloc/Air  16%        2d11      11%         3
 Cigotuvi's Dreadful Rot  Necr/Pois/Air  4%         N/A       12%         2
 Sublimation of Blood     Necr           2%         N/A       12%         2
 Iskenderun's Mystic Bla  Conj/Tloc      7%         2d4       38%         4
 Dispel Undead            Necr           2%         3d7       56%         4
 Freezing Cloud           Conj/Ice/Air   1%         6-21      88%         5
 Starburst                Conj/Fire      3%         6d3       99%         6
 Death Channel            Necr           1%         N/A       100%        6
 Summon Hydra             Summ           1%         N/A       100%        7


Dungeon Overview and Level Annotations

Branches:
Dungeon (7/15)             Bailey (1/1)
 Temple: D:4-7

Altars:
Ashenzari
Cheibriados
Dithmenos
Zin
The Shining One

Shops:
D:3 *   D:4 (


Innate Abilities, Weirdness & Mutations

You cannot be hasted, slowed, berserked, paralysed or teleported.
You can dig through walls and to a lower floor.
You have a pair of large antennae on your head. (SInv)
Your four strong arms can wield two-handed weapons with a shield.


Message History

The spriggan completely misses you.
The steam dragon attacks as you move away!
The steam dragon barely misses you. The steam dragon closely misses you.
You feel much better.
The steam dragon bites you but does no damage.
The steam dragon closely misses you.
The spriggan hits you from afar with a +0 spear!!
Casting: Cause Fear (dangerous; 1% risk of failure)
Confirm with . or Enter, or press ? or * to list all spells.
Aiming: Slow (safe; 1% risk of failure)
Press: ? - help, Shift-Dir - straight line, f - steam dragon
Aim: a steam dragon (moderately wounded, umbra, chance to affect: 56%)
The steam dragon resists with significant effort.
The steam dragon bites you. You block the steam dragon's attack.
You block the spriggan's attack.
Casting: Slow (safe; 1% risk of failure)
Confirm with . or Enter, or press ? or * to list all spells.
You don't have enough magic to cast this spell.
Unknown command.
Casting: Slow (safe; 1% risk of failure)
Confirm with . or Enter, or press ? or * to list all spells.
Aiming: Slow (safe; 1% risk of failure)
Press: ? - help, Shift-Dir - straight line, f/p - steam dragon
Aim: a steam dragon (lightly wounded, umbra, chance to affect: 56%)
The steam dragon seems to slow down.
The spriggan hits you from afar with a +0 spear.
The steam dragon breathes steam at you. The ball of steam hits you!
* * * LOW HITPOINT WARNING * * *
The spriggan hits you from afar with a +0 spear!
* * * LOW HITPOINT WARNING * * *
You feel very mighty all of a sudden. You block the spriggan's attack.
You hear the crackle of electricity.
w - a +0 dagger of electrocution (weapon)
You hit the steam dragon.
Lightning courses through the steam dragon!
The steam dragon is severely wounded.
The spriggan hits you from afar with a +0 spear!
You die...

##.......##
##.........##
##....~~~....##
##..♣###~##♣#..##
##..##.......#♣..##
#..##..♣♣♣♣♣..##..#
#i.♣.).♣ ♣♣..#..#
#.D#..# #..#..#
#.@#..♣ ♣..♣..#
#..#..♣ ♣..#..#
#..#..♣ ♣..♣..#
#..#♣.. ..#♣..#
##..##.. .##..##
##..##.. ##..##
##..♣######..##
##.........##
##)......##


You could see a steam dragon (slow) and a spriggan (strong).

Vanquished Creatures
  A two-headed ogre (Bailey)
  Pikel (D:4)
  Maggie (D:7)
  Prince Ribbit (D:6)
  A hornet (D:7)
  A spriggan (Bailey)
  2 ice beasts
  A sky beast (D:7)
  7 ogres
  Blork the orc (D:4)
  A necrophage (D:4)
  2 howler monkeys (D:7)
  6 hounds
  A jelly (D:7)
  2 orc priests
  Crazy Yiuf (D:3)
  Jessica (D:3)
  Terence (D:3)
  3 orc wizards
  4 iguanas
  Robin (D:2)
  9 adders
  A shadow imp (D:5)
  A white imp (D:5)
  3 worms (D:2)
  21 orcs
  8 ball pythons
  6 bats
  4 endoplasms
  11 giant cockroaches
  11 goblins
  11 hobgoblins
  2 jackals (D:2)
  5 kobolds
  4 quokkas
  2 frilled lizards
  7 rats
146 creatures vanquished.

Vanquished Creatures (others)
  13 fungi (D:4)
13 creatures vanquished.

Grand Total: 159 creatures vanquished

Notes
Turn   | Place    | Note
-------+----------+-------------------------------------------
     0 | D:1      | Bnni the Formicid Hexslinger began the quest for the Orb.
     0 | D:1      | Reached XP level 1. HP: 15/15 MP: 2/2
    69 | D:1      | Reached XP level 2. HP: 21/21 MP: 3/3
   222 | D:1      | Reached skill level 1 in Fire Magic
   222 | D:1      | Reached XP level 3. HP: 21/26 MP: 4/4
   226 | D:1      | Learned a level 3 spell: Inner Flame
   250 | D:1      | Reached skill level 4 in Hexes
   354 | D:1      | You fall into a shaft and drop 1 floor!
   417 | D:2      | Found a faded altar of an unknown god.
   809 | D:2      | Reached XP level 4. HP: 23/32 MP: 6/6
  1050 | D:2      | Noticed Robin
  1070 | D:2      | Killed Robin
  1652 | D:3      | Reached XP level 5. HP: 32/34 MP: 7/7
  1916 | D:3      | Noticed Jessica
  1922 | D:3      | Killed Jessica
  1989 | D:3      | Found a broken altar of Ashenzari.
  1994 | D:3      | Noticed Terence
  2137 | D:3      | Reached XP level 6. HP: 43/44 MP: 5/9
  2187 | D:3      | Learned a level 3 spell: Portal Projectile
  2265 | D:3      | Killed Terence
  2266 | D:3      | Reached skill level 5 in Hexes
  2324 | D:3      | Found Zin's Purification Station.
  2381 | D:3      | Found a glowing silver altar of Zin.
  2461 | D:3      | Found a runed translucent door.
  2462 | D:3      | Noticed Crazy Yiuf
  2473 | D:3      | Killed Crazy Yiuf
  2693 | D:4      | Found a shadowy altar of Dithmenos.
  2717 | D:4      | Reached XP level 7. HP: 29/51 MP: 6/10
  2727 | D:4      | Became a worshipper of Dithmenos the Shadowed
  2779 | D:4      | Noticed Blork the orc
  2797 | D:4      | HP: 1/51 [Blork the orc/+1 hand axe of pain (4)]
  2802 | D:4      | Killed Blork the orc
  2868 | D:4      | Learned a level 4 spell: Cause Fear
  2915 | D:4      | Noticed Pikel
  2924 | D:4      | Killed Pikel
  2925 | D:4      | Reached skill level 5 in Ranged Weapons
  2925 | D:4      | Reached skill level 6 in Hexes
  2925 | D:4      | Reached XP level 8. HP: 58/58 MP: 9/12
  3083 | D:4      | Learned a level 2 spell: Wereblood
  3106 | D:4      | Found a snail-covered altar of Cheibriados.
  3166 | D:4      | Reached * piety under Dithmenos
  3229 | D:4      | Found Viteikut's Antique Weapon Shoppe.
  3362 | D:5      | Entered Level 5 of the Dungeon
  3399 | D:5      | Found a glowing golden altar of the Shining One.
  3882 | D:5      | Reached skill level 7 in Hexes
  4353 | D:6      | Reached XP level 9. HP: 61/65 MP: 8/14
  4437 | D:6      | Identified the amulet of Recklessness {Reflect Will++ SH+5}
  4662 | D:6      | Noticed Prince Ribbit
  4668 | D:6      | Killed Prince Ribbit
  5203 | D:7      | Noticed Maggie
  5215 | D:7      | Killed Maggie
  5216 | D:7      | Reached skill level 8 in Hexes
  5216 | D:7      | Reached skill level 1 in Transmutations
  5282 | D:7      | Reached skill level 5 in Fighting
  5327 | D:7      | Noticed a hornet
  5335 | D:7      | Killed a hornet
  5409 | D:7      | Found a flagged portal.
  5413 | Bailey   | Entered a bailey
  5451 | Bailey   | Reached skill level 9 in Hexes
  5463 | Bailey   | Reached XP level 10. HP: 64/74 MP: 3/16
  5538 | Bailey   | Reached ** piety under Dithmenos
  5628 | Bailey   | Noticed a two-headed ogre
  5638 | Bailey   | Killed a two-headed ogre
  5639 | Bailey   | Reached skill level 10 in Hexes
  5643 | Bailey   | Identified the quicksilver dragon scales "Ysetugiy" {rN+
                  | Will+ SInv}
  5667 | Bailey   | Slain by a spriggan

Illustrated notes

Levels and vault maps discovered:
D:1:      lordsloth_arrival_two_stooges, layout_basic, minmay_stone_trees_small,
          minmay_worlds_worst_comb
D:2:      layout_loops_ring, hellmonk_ecumenical_altar_run_dry, uniq_robin
D:3:      layout_basic, overflow_temple_1_default, zin_purify,
          uniq_crazy_yiuf_cottage, uniq_terence, uniq_jessica
D:4:      layout_rooms, mainiacjoe_overflow_catch_the_wave, serial_shops,
          kennysheep_mini, kennysheep_generic_room_2, uniq_blork_the_orc,
          uniq_pikel
D:5:      layout_loops_ring, tso_metal_star
D:6:      layout_cave_pods, kennysheep_crisscross, uniq_prince_ribbit1
D:7:      layout_basic, lemuel_zombie_altar_yredelemnul, temple_green,
          enter_bailey_1, uniq_maggie, uniq_menkaure
Bailey:   bailey_polearm_enchanted_keep_hellmonk, bailey

Skill      XL: |  1  2  3  4  5  6  7  8  9 10 |
---------------+-------------------------------+-----
Fire Magic     | 1 2 3 |  3.0
Hexes          | 4 5 6 7 9 10 | 10.0
Ranged Weapons | 3 5 7 8 |  8.1
Fighting       | 2 3 4 5 6 |  6.0
Spellcasting   | 2 3 4 |  4.0
Translocations | 2 3 |  3.0
Transmutations | 2 3 |  3.0
Dodging        | 2 |  2.3

Action                   |  1- 3 |  4- 6 |  7- 9 | 10-12 || total
-------------------------+-------+-------+-------+-------++-------
Melee: Dagger            |       |       |       |     1 ||     1
 Fire: Sling             |   129 |   204 |   347 |    37 ||   717
Throw: Dart              |       |     3 |     7 |       ||    10
 Cast: Slow              |       |    11 |    16 |     3 ||    30
       Inner Flame       |       |     4 |    15 |     1 ||    20
       Portal Projectile |       |     1 |     1 |     1 ||     3
       Cause Fear        |       |       |       |     1 ||     1
       Wereblood         |       |       |       |     1 ||     1
 Abil: Dig               |       |     1 |     1 |       ||     2
Evoke: Wand              |       |     1 |     1 |       ||     2
  Use: Scroll            |       |     3 |     2 |       ||     5
       Potion            |       |       |     1 |     4 ||     5
Armor: Robe              |    17 |    18 |    40 |     5 ||    80
Dodge: Dodged            |    37 |    86 |   138 |    13 ||   274
Block: Other             |       |       |    15 |    11 ||    26

Table legend: (Time is in decaauts)
 A = Elapsed time spent in this place.
 B = Non-inter-level travel time spent in this place.
 C = Inter-level travel time spent in this place.
 D = Time resting spent in this place.
 E = Time spent auto-exploring this place.
 F = Levels seen in this place.
 G = Mean time per level.
                   A        B        C        D        E       F      G
               +--------+--------+--------+--------+--------+-----+--------+
         Total |   5800 |   5676 |    124 |    498 |   3601 |   8 |  725.0 |
       Dungeon |   5538 |   5414 |    124 |    426 |   3550 |   7 |  791.1 |
        Bailey |    262 |    262 |      0 |     72 |     51 |   1 |  262.0 |
               +--------+--------+--------+--------+--------+-----+--------+

Top non-repeatable levels by time:
     D:3: 1099 daAuts
     D:6: 1022 daAuts
     D:2: 930 daAuts
     D:5: 814 daAuts
     D:4: 806 daAuts
     D:1: 631 daAuts
  Bailey: 262 daAuts
     D:7: 233 daAuts
